 Dungeon Crawl Stone Soup version 0.21-a0-283-g622b906 (webtiles) character file.

18 Jor the Sneak (level 2, -1/13 HPs)
             Began as a Spriggan Enchanter on Sept 25, 2017.
             Slain by a worm (3 damage)
             ... on level 2 of the Dungeon.
             The game lasted 00:02:39 (1396 turns).

Jor the Sneak (Spriggan Enchanter)                  Turns: 1396, Time: 00:02:40

Health: -1/13      AC:  2    Str:  4    XL:     2   Next: 51%
Magic:  1/7        EV: 18    Int: 16    God:
Gold:   16         SH:  0    Dex: 16    Spells: 4/7 levels left

rFire    . . .     SeeInvis +   a - +1 dagger
rCold    . . .     Gourm    .   (shield restricted)
rNeg     . . .     Faith    .   b - +0 robe
rPois    .         Spirit   .   (helmet restricted)
rElec    .         Reflect  .   (no cloak)
rCorr    .         Harm     .   (gloves unavailable)
MR       .....                  (boots unavailable)
Stlth    +++.......             (no amulet)
HPRegen  0.04/turn              (no ring)
MPRegen  0.10/turn              (no ring)

@: very quick
A: unfitting armour, see invisible, herbivore 3, speed 3, slow metabolism 2
a: no special abilities


You were on level 2 of the Dungeon.
You were not hungry.

You visited 1 branch of the dungeon, and saw 2 of its levels.

You collected 16 gold pieces.

Inventory:

Hand Weapons
 a - a +1 dagger (weapon)
Missiles
 i - 2 throwing nets (quivered)
Armour
 b - a +0 robe (worn)
Scrolls
 g - 2 scrolls of magic mapping
Potions
 h - 3 potions of curing
Books
 c - a book of Maledictions

   Spells                             Type                      Level
   a - Corona                         Hexes                        1
   b - Ensorcelled Hibernation        Hexes/Ice                    2
   c - Confuse                        Hexes                        3
   d - Tukima's Dance                 Hexes                        3
   e - Dazzling Spray                 Conjuration/Hexes            3
Comestibles
 d - a bread ration


   Skills:
 - Level 1.1 Short Blades
 - Level 3.0 Dodging
 - Level 4.4 Stealth
 + Level 3.4 Spellcasting
 + Level 4.2 Hexes


You had 4 spell levels left.
You knew the following spells:

 Your Spells              Type           Power        Failure   Level  Hunger
a - Ensorcelled Hibernat  Hex/Ice        #.....       12%         2    ##.....
b - Corona                Hex            ###....      3%          1    None


Dungeon Overview and Level Annotations

Branches:
Dungeon (2/15)

Altars:
Elyvilon


Innate Abilities, Weirdness & Mutations

You are very small and have problems with some larger weapons.
You are too small for most types of armour.
You have supernaturally acute eyesight. (SInv)
You are a herbivore.
You cover ground extremely quickly.
You need consume almost no food.


Message History

Okay, then.
Unknown command.
Casting: Ensorcelled Hibernation
Confirm with . or Enter, or press ? or * to list all spells.
You don't have enough magic to cast that spell.
You barely miss the worm. The worm barely misses you.
The giant cockroach barely misses you.
You hit the worm.
The worm is lightly wounded.
The giant cockroach bites you but does no damage.
Unknown command.
You barely miss the worm.
The worm is lightly wounded.
The giant cockroach misses you. The worm bites you!
Ouch! That really hurt!
* * * LOW HITPOINT WARNING * * *
You hit the worm but do no damage. The giant cockroach closely misses you.
You hit the worm but do no damage. The giant cockroach closely misses you.
The worm bites you.
You die...

*,#.......#..* *,*
*,##.....##.#* *,*
#.####.####.# *,*
#...........# *,*
......#....## *,*
#####...##g# *,*
,,.........# *,*
,*####.###.########.#
,* #.##..>..gs@w).#
,* #.....##########
*****#####.#
,,,,,,####.#
,,,*,,#...<#
,,,,,_###### ,,,*,,*
,,,,,,* *******


You could see a worm, a giant cockroach and a goblin.

Vanquished Creatures
  A dart slug (D:1)
  A bat (D:1)
  A giant cockroach (D:1)
  5 goblins (D:1)
  2 hobgoblins (D:1)
  A kobold (D:1)
  A frilled lizard (D:1)
  2 rats (D:1)
14 creatures vanquished.

Notes
Turn   | Place    | Note
-------+----------+-------------------------------------------
     0 | D:1      | Jor the Spriggan Enchanter began the quest for the Orb.
     0 | D:1      | Reached XP level 1. HP: 9/9 MP: 5/5
   764 | D:1      | Reached XP level 2. HP: 13/13 MP: 7/7
   768 | D:1      | Learned a level 2 spell: Ensorcelled Hibernation
  1362 | D:2      | Found a white marble altar of Elyvilon.
  1396 | D:2      | Slain by a worm

Vault maps used:
D:1:      dpeg_arrival_rhombus
D:2:      doesnt_xom_only_xom, lemuel_coloured_pillars_altar, old_standard_altar

Skill      XL: |  1 |
---------------+----+-----
Spellcasting   | 3 |  3.4
Hexes          | 4 |  4.2
Short Blades   | |  1.1
Dodging        | |  3.0
Stealth        | |  4.4

Action                   || total
-------------------------++-------
Melee: Dagger            ||    51
 Cast: Corona            ||     7
       Ensorcelled Hiber ||     3
  Use: Scroll            ||     5
 Stab: Sleeping          ||     5
Armor: Robe              ||     5
Dodge: Dodged            ||    36

Table legend:
 A = Spawn XP
 B = Non-spawn XP
 C = Spawn XP percentage of total XP
 D = Spawn monster count
 E = Non-spawn monster count
 F = Spawn count percentage of total count
 G = Total turns spent on level
                    A         B        C        D         E        F      G
               +---------+---------+-------+---------+---------+-------+---------
         Total |       0 |      27 |   0.0 |       0 |      14 |   0.0 |  1396
               +---------+---------+-------+---------+---------+-------+---------
           D:1 |       0 |      27 |   0.0 |       0 |      14 |   0.0 |  1145
               +---------+---------+-------+---------+---------+-------+---------
